 Dungeon Crawl Stone Soup version 0.30-a0-777-ga9a30cbeda (webtiles) character file.

Game seed: 2591610084109432743

19 elagabalus the Stinger (level 2, 0/15 HPs)
             Began as a Tengu Venom Mage on Feb 13, 2023.
             Slain by a hobgoblin (4 damage)
             ... led by Robin
             ... on level 2 of the Dungeon.
             The game lasted 00:08:51 (791 turns).

elagabalus the Stinger (Tengu Venom Mage)            Turns: 791, Time: 00:08:52

Health: 0/15       AC:  2    Str:  8    XL:     2   Next: 75%
Magic:  1/6        EV: 12    Int: 15    God:
Gold:   21         SH:  0    Dex: 14    Spells: 2/5 levels left

rFire   . . .      SeeInvis .    (no weapon)
rCold   . . .      Faith    .    (no shield)
rNeg    . . .      Spirit   .    a - +0 robe
rPois   .          Reflect  .    (helmet restricted)
rElec   .          Harm     .    (no cloak)
rCorr   .          Rampage  .    (no gloves)
Will    .....                    (boots unavailable)
Stlth   ++                       (no amulet)
HPRegen 0.22/turn                (no ring)
MPRegen 0.10/turn                (no ring)

@: no status effects
A: beak, talons 3
a: no special abilities


You were on level 2 of the Dungeon.
You visited 1 branch of the dungeon, and saw 2 of its levels.

You collected 21 gold pieces.

Inventory:

Armour
 a - a +0 robe (worn)
Scrolls
 d - a scroll of identify {unknown}
 e - a scroll of magic mapping {unknown}
 f - 2 scrolls of teleportation {unknown}
 g - a scroll of silence {unknown}
Potions
 b - a potion of magic
 c - a potion of curing {unknown}
 h - 2 potions of heal wounds {unknown}
 i - a potion of haste {unknown}


   Skills:
 - Level 2.1 Dodging
 - Level 2.0 Stealth
 - Level 2.0 Spellcasting
 - Level 1.0 Transmutations
 * Level 0.8 Air Magic
 + Level 3.7 Poison Magic


You had 2 spell levels left.
You knew the following spells:

 Your Spells              Type           Power      Damage    Failure   Level
a - Sting                 Tmut/Pois      32%        1d4       9%          1
b - Poisonous Vapours     Pois/Air       16%        N/A       13%         2

Your spell library contained the following spells:

 Spells                   Type           Power      Damage    Failure   Level
 Kiss of Death            Conj/Necr      4%         2d5       22%         1
 Magic Dart               Conj           4%         1d3       22%         1
 Searing Ray              Conj           2%         2d4       32%         2
 Mephitic Cloud           Conj/Pois/Air  6%         N/A       34%         3
 Olgreb's Toxic Radiance  Pois           12%        N/A       43%         4
 Confusing Touch          Hex            1%         N/A       54%         3
 Dispel Undead            Necr           1%         3d6       91%         4
 Fulminant Prism          Conj/Hex       0%         3d5       91%         4


Dungeon Overview and Level Annotations

Branches:
Dungeon (2/15)

Altars:

Annotations:
D:2 Natasha, Robin


Innate Abilities, Weirdness & Mutations

You have a beak for a mouth.
You have claws for feet.


Message History

Robin throws the goblin at you!
Aiming: Poisonous Vapours (safe; 13% risk of failure)
Press: ? - help, Q - select action, (/) - cycle Dir - move target, f - goblin, p - Robin
Aim: a goblin, wielding a +0 dagger Poisonous vapours surround the goblin!
The goblin is poisoned.
The hobgoblin shouts!
The goblin hits you but does no damage. The goblin closely misses you.
A hobgoblin comes into view.
Robin throws the goblin at you!
You closely miss the goblin. You claw the goblin.
You kill the goblin!
The goblin hits you with a +0 dagger. The goblin hits you with a +0 club.
A hobgoblin comes into view.
You closely miss the goblin. Your kick misses the goblin.
The goblin barely misses you. The goblin misses you.
A quokka comes into view.
Robin roars a battlecry!
The goblins go into a battle-frenzy!
The adder misses you. The goblin hits you but does no damage.
The goblin hits you with a +0 dagger.
* * * LOW HITPOINT WARNING * * *
The hobgoblin completely misses you.
You climb upwards.
There is a stone staircase leading down here.
You can't go up here!
The adder misses you. The adder bites you but does no damage.
The goblin barely misses you. The hobgoblin closely misses you.
The goblin barely misses you.
You climb downwards.
Level annotation: Robin Robin looks more healthy.
A rat comes into view.
The hobgoblin barely misses you. The goblin closely misses you.
Natasha, Servant of Life and Death comes into view.
There is a stone staircase leading up, spattered with blood here.
You hit the goblin.
You kill the goblin!
The hobgoblin barely misses you. The adder barely misses you.
The hobgoblin hits you.
You die...

.. .... ..#
#... ...# #..#
....###..#
#........#
.........##
#.....Sg.#
#....g@g.#
......ggggg....
#......w.g.g##.
##......$Jrg.r.
#.............
#.............
##........h...
#............


You could see a worm, Robin, Natasha, an adder, an endoplasm, a quokka, 7
hobgoblins, 3 goblins and a rat.

Vanquished Creatures
  A ball python (D:1)
  4 endoplasms (D:1)
  3 goblins
  2 hobgoblins (D:1)
  A kobold (D:1)
  2 bats (D:1)
  2 frilled lizards (D:1)
  4 rats (D:1)
19 creatures vanquished.

Notes
Turn   | Place    | Note
-------+----------+-------------------------------------------
     0 | D:1      | elagabalus the Tengu Venom Mage began the quest for the
                  | Orb.
     0 | D:1      | Reached XP level 1. HP: 10/10 MP: 4/4
    52 | D:1      | Reached skill level 1 in Transmutations
    85 | D:1      | Found a faded altar of an unknown god.
   169 | D:1      | Reached XP level 2. HP: 15/15 MP: 3/6
   178 | D:1      | Learned a level 2 spell: Poisonous Vapours
   782 | D:2      | Noticed Robin
   790 | D:2      | Noticed Natasha
   791 | D:2      | Slain by a hobgoblin

Illustrated notes

Levels and vault maps discovered:
D:1:      saegor_arrival_simple_e, layout_loops_ring,
          ebering_ecumenical_altar_petrified
D:2:      layout_rooms, uniq_natasha, uniq_robin

Skill      XL: |  1 |
---------------+----+-----
Transmutations | 1 |  1.0
Dodging        | |  2.1
Stealth        | |  2.0
Spellcasting   | |  2.0
Air Magic      | |  0.8
Poison Magic   | |  3.7

Action                     || total
---------------------------++-------
  Melee: Unarmed           ||     7
         Kick              ||     3
         Peck              ||     1
   Cast: Sting             ||    19
         Poisonous Vapours ||    11
   Stab: Sleeping          ||     2
 Armour: Robe              ||     9
  Dodge: Dodged            ||    34

Table legend: (Time is in decaauts)
 A = Elapsed time spent in this place.
 B = Non-inter-level travel time spent in this place.
 C = Inter-level travel time spent in this place.
 D = Time resting spent in this place.
 E = Time spent auto-exploring this place.
 F = Levels seen in this place.
 G = Mean time per level.
                   A        B        C        D        E       F      G
               +--------+--------+--------+--------+--------+-----+--------+
         Total |    791 |    228 |    563 |      0 |      0 |   2 |  395.5 |
       Dungeon |    791 |    228 |    563 |      0 |      0 |   2 |  395.5 |
               +--------+--------+--------+--------+--------+-----+--------+

Top non-repeatable levels by time:
     D:1: 783 daAuts
     D:2: 8 daAuts
